Islanders vs Canucks

Created - 14 novembre 2024 at 06:49

Goals
1 2 3 T
Islanders 1 0 2 3
Canucks 1 2 1 4
Shots
1 2 3 T
Islanders 13 4 6 23
Canucks 13 20 17 50

GoalsPenalties
1st period
1. Islanders , Marc-Edouard Vlasic 4 (Teddy Blueger 6, Marcus Johansson 5) at 3:04 (PP)
2. Canucks , Jordan Kyrou 5 (Auston Matthews 12, Esa Lindell 6) at 7:24
Jack Quinn (VAN) for Holding (Minor) at 2:18
Mikhail Sergachev (NYI) for Tripping (Minor) at 4:04
Auston Matthews (VAN) for Slashing (Minor) at 8:14
Jake Guentzel (VAN) for Interference (Minor) at 13:49
2nd period
3. Canucks , Jordan Kyrou 6 (Auston Matthews 13, J.J. Moser 8) at 4:22
4. Canucks , Lucas Raymond 5 (Auston Matthews 14) at 7:03
Jordan Martinook (VAN) for Hooking (Minor) at 2:00
Simon Nemec (NYI) for Roughing (Minor) at 4:35
Casey Cizikas (NYI) for Hooking (Minor) at 11:26
3rd period
5. Canucks , Auston Matthews 9 (Vince Dunn 9, Jordan Kyrou 13) at 2:42 (PP)
6. Islanders , Mikhail Sergachev 5 (Casey Cizikas 7) at 9:37 (SH)
7. Islanders , Jesse Ylonen 1 (Brett Kulak 6, Casey Cizikas 8) at 14:20
Kirill Marchenko (NYI) for Holding Stick (Minor) at 1:47
Brett Kulak (NYI) for Holding Stick (Minor) at 2:50
Elvis Merzlikins (NYI) for Slashing (Minor) at 4:07 - Matt Dumba served the penalty.
Matt Dumba (NYI) for Holding (Minor) at 8:52
Barclay Goodrow (NYI) for Charging (Minor) at 10:52
Goalie Stats
Elvis Merzlikins (NYI), 46 saves from 50 shots - (0,920), L, 0-6-0, 59:01 minutes
Sergei Bobrovsky (VAN), 20 saves from 23 shots - (0,870), W, 7-4-1, 60:00 minutes
3 StarsOfficial
1 - Jordan Kyrou (VAN)
2 - Auston Matthews (VAN)
3 - Lucas Raymond (VAN)
Referees : Kendrick Nicholson and Dave Lewis
Linesman : Ryan Daisy and Ryan Galloway
Game Note
No Game Note
Finance
Level 1 -- Attendance: 6165 (96,33%) -- Ticket Income $524,025
Level 2 -- Attendance: 3930 (72,78%) -- Ticket Income $255,450
Level 3 -- Attendance: 1458 (60,75%) -- Ticket Income $58,320
Level 4 -- Attendance: 2806 (63,77%) -- Ticket Income $70,150
Luxury Box -- Attendance: 1151 (82,21%) -- Ticket Income $207,180
Game was played at the GM Place.
Total Attendance: 15510 (77,55%)
Total Ticket Income: $1,115,125
Other Income: $100,361
Total Income: $1,215,486



Team Name Goals Shots Shots Attemp Shots Blocked PIM HIT PP PK FO%
Islanders 323471116171 / 4 (25%)142%
Canucks 4509588251 / 8 (13%)158%

Islanders
Player Name POS G A P +/- PIM HIT SHT SB MP PP MP PP SHT PK MP PK SHT FO% FOT
Barclay GoodrowC000-2211113:410:0000:44037% 19
Brendan LemieuxLW000-2031012:580:0000:0000% 0
Brett KulakD0110200119:322:0807:1400% 0
Brett SeneyLW000000005:400:0001:0700% 1
Casey CizikasC0222241017:522:5505:47137% 27
Isak RosenRW000000004:330:0000:0000% 0
Jeff PetryD0000011011:520:0000:0000% 0
Jesse YlonenRW1011002012:542:5500:0000% 1
Kirill MarchenkoRW000-1214022:193:4816:51144% 9
Kyle OkposoRW000-2010012:580:0000:0000% 1
Marc-Edouard VlasicD1011003324:214:3517:3800% 0
Marcus JohanssonLW0110003021:473:4805:300100% 2
Matt DumbaD000-2202322:572:0315:4400% 0
Mikhail SergachevD1011242125:354:3516:2410% 0
Simon NemecD000-2210115:390:0501:1200% 0
Teddy BluegerC011-1012123:003:4817:31047% 36
Travis BoydC000000108:162:5500:00040% 5
Viktor NeuchevC/LW000100009:110:0000:00050% 2
Canucks
Player Name POS G A P +/- PIM HIT SHT SB MP PP MP PP SHT PK MP PK SHT FO% FOT
Artem ZubD0001011316:090:0002:5600% 0
Auston MatthewsC1341208021:547:1750:56068% 34
Bo HorvatC0000039021:546:4920:48063% 27
Connor DewarC/LW000002109:010:0002:45067% 3
Esa LindellD0111001117:120:0003:4700% 0
Garnet HathawayRW000001106:160:0000:000100% 1
J.J. MoserD0110012118:465:3320:0000% 0
Jack QuinnRW0000242021:056:4900:00040% 5
Jake GuentzelC/LW0000215021:056:4930:0000% 1
John MarinoD000-1002021:535:3323:4700% 0
Jordan KyrouC/RW2131033020:597:1700:0000% 1
Jordan MartinookLW000022108:050:0003:1000% 0
Lucas RaymondLW/RW1011034122:257:1721:2600% 6
MacKenzie WeegarD0001017224:548:3342:5600% 0
Oskar SundqvistC/RW000002004:560:0000:0000% 1
Pius SuterC/LW000000009:170:0004:21067% 15
Ryan McLeodC000000106:160:0000:00056% 9
Vince DunnD0110012021:068:3310:0000% 0

Islanders

5 vs 5 Forward
Line #Left WingCenterRight WingPHYDFOFWanted %Time %Time Play
1Marcus JohanssonTeddy BluegerKirill Marchenko1223430%11:41
2Brendan LemieuxBarclay GoodrowKyle Okposo1223334%12:58
3Viktor NeuchevCasey CizikasJesse Ylonen1222424%9:11
4Brett SeneyTravis BoydIsak Rosen122912%4:33
5 vs 5 Defense
Line #DefenseDefensePHYDFOFWanted %Time %Time Play
1Mikhail SergachevMarc-Edouard Vlasic1223432%12:08
2Simon NemecMatt Dumba1223337%14:23
3Brett KulakJeff Petry1222424%9:23
4Mikhail SergachevJeff Petry12296%2:29
Power Play Forward
Line #Left WingCenterRight WingPHYDFOFWanted %Time %Time Play
1Marcus JohanssonKirill MarchenkoTeddy Blueger1225557%3:48
2Jesse YlonenCasey CizikasTravis Boyd1224543%2:55
Power Play Defense
Line #DefenseDefensePHYDFOFWanted %Time %Time Play
1Mikhail SergachevMarc-Edouard Vlasic1225568%4:35
2Brett KulakMatt Dumba1224532%2:08
Penalty Kill 4 Players Forward
Line #CenterWingPHYDFOFWanted %Time %Time Play
1Teddy BluegerKirill Marchenko1225558%7:46
2Casey CizikasMarcus Johansson1224542%5:38
Penalty Kill 4 Players Defense
Line #DefenseDefensePHYDFOFWanted %Time %Time Play
1Mikhail SergachevBrett Kulak1225553%7:06
2Marc-Edouard VlasicMatt Dumba1224547%6:18
Penalty Kill 3 Players
Line #WingPHYDFOFWanted %Time %Time PlayDefenseDefensePHYDFOFWanted %Time %Time Play
1Casey Cizikas12255100%0:42 Mikhail SergachevBrett Kulak1225548%0:20
2Teddy Blueger122450%0:00 Marc-Edouard VlasicMatt Dumba1224552%0:22
4 vs 4 Forward
Line #CenterWingPHYDFOFWanted %Time %Time Play
1Teddy BluegerTravis Boyd122550%0:00
2Casey CizikasKirill Marchenko122450%0:00
4 vs 4 Defense
Line #DefensePHYDFOFWanted %Time %Time Play
1Mikhail SergachevMarc-Edouard Vlasic122550%0:00
2Simon NemecMatt Dumba122450%0:00
Last Minutes Offensive
Left WingCenterRight WingDefenseDefense
Jesse YlonenTravis BoydMarcus JohanssonMikhail SergachevMarc-Edouard Vlasic
Last Minutes Defensive
Left WingCenterRight WingDefenseDefense
Jesse YlonenTravis BoydMarcus JohanssonMikhail SergachevMarc-Edouard Vlasic
Time
Total ForwardTotal DefenseLast Minutes OffensiveLast Minutes Defensive
60:00 60:00 0:480:00
Extra Forwards
Normal PowerPlayPenalty Kill
Casey Cizikas, Teddy Blueger, Kirill MarchenkoCasey Cizikas, Teddy BluegerKirill Marchenko
Extra Defensemen
Normal PowerPlayPenalty Kill
Brett Kulak, Mikhail Sergachev, Matt DumbaBrett Kulak, Matt DumbaMikhail Sergachev
Penalty Shots
Kirill Marchenko, Teddy Blueger, Casey Cizikas, Jesse Ylonen, Barclay Goodrow
Goalie
Elvis Merzlikins, Scott Wedgewood
Scratches
Alex Belzile (Sprained Right Knee Injury), Carter Hart (Healthy), Sam Montembeault (Healthy)

Canucks

5 vs 5 Forward
Line #Left WingCenterRight WingPHYDFOFWanted %Time %Time Play
1Lucas RaymondAuston MatthewsJordan Kyrou1223635%13:42
2Jake GuentzelBo HorvatJack Quinn1223436%14:17
3Connor DewarRyan McLeodGarnet Hathaway1221616%6:16
4Jordan MartinookPius SuterOskar Sundqvist1221413%4:56
5 vs 5 Defense
Line #DefenseDefensePHYDFOFWanted %Time %Time Play
1MacKenzie WeegarEsa Lindell1223734%13:25
2Vince DunnJohn Marino1223532%12:33
3Artem ZubJ.J. Moser1222834%13:13
4MacKenzie WeegarEsa Lindell12200%0:00
Power Play Forward
Line #Left WingCenterRight WingPHYDFOFWanted %Time %Time Play
1Lucas RaymondAuston MatthewsJordan Kyrou0056052%7:17
2Jake GuentzelBo HorvatJack Quinn0054048%6:49
Power Play Defense
Line #DefenseDefensePHYDFOFWanted %Time %Time Play
1MacKenzie WeegarVince Dunn0057061%8:33
2J.J. MoserJohn Marino1223039%5:33
Penalty Kill 4 Players Forward
Line #CenterWingPHYDFOFWanted %Time %Time Play
1Pius SuterJordan Martinook1226077%5:09
2Connor DewarAuston Matthews1224023%1:34
Penalty Kill 4 Players Defense
Line #DefenseDefensePHYDFOFWanted %Time %Time Play
1John MarinoEsa Lindell1316056%3:47
2MacKenzie WeegarArtem Zub1314044%2:56
Penalty Kill 3 Players
Line #WingPHYDFOFWanted %Time %Time PlayDefenseDefensePHYDFOFWanted %Time %Time Play
1Connor Dewar122550%0:00 John MarinoEsa Lindell122550%0:00
2Pius Suter122450%0:00 MacKenzie WeegarArtem Zub122450%0:00
4 vs 4 Forward
Line #CenterWingPHYDFOFWanted %Time %Time Play
1Auston MatthewsJake Guentzel122550%0:00
2Bo HorvatJordan Kyrou122450%0:00
4 vs 4 Defense
Line #DefensePHYDFOFWanted %Time %Time Play
1MacKenzie WeegarVince Dunn122550%0:00
2John MarinoJ.J. Moser122450%0:00
Last Minutes Offensive
Left WingCenterRight WingDefenseDefense
Jake GuentzelAuston MatthewsJordan KyrouMacKenzie WeegarVince Dunn
Last Minutes Defensive
Left WingCenterRight WingDefenseDefense
Connor DewarPius SuterGarnet HathawayJohn MarinoEsa Lindell
Time
Total ForwardTotal DefenseLast Minutes OffensiveLast Minutes Defensive
60:00 60:00 0:000:00
Extra Forwards
Normal PowerPlayPenalty Kill
Auston Matthews, Bo Horvat, Jake GuentzelAuston Matthews, Jake GuentzelConnor Dewar
Extra Defensemen
Normal PowerPlayPenalty Kill
Esa Lindell, MacKenzie Weegar, Vince DunnVince Dunn, Esa LindellJohn Marino
Penalty Shots
Auston Matthews, Bo Horvat, Jake Guentzel, Jordan Kyrou, Lucas Raymond
Goalie
Sergei Bobrovsky, Casey DeSmith
Scratches
Alexander Barabanov (Healthy), Alexey Toropchenko (Healthy)


Play-by-Play

1st period


0:01 of 1st period - Teddy Blueger wins face-off versus Auston Matthews in neutral zone.
0:09 of 1st period - Icing by MacKenzie Weegar.
0:10 of 1st period - Auston Matthews wins face-off versus Barclay Goodrow in Canucks zone.
0:10 of 1st period - Auston Matthews is hit by Brendan Lemieux.
0:34 of 1st period - Shot by Barclay Goodrow.
0:34 of 1st period - Shot Misses the Net.
0:36 of 1st period - Shot by Barclay Goodrow.
0:36 of 1st period - Shot Misses the Net.
0:48 of 1st period - Shot by Brendan Lemieux.
0:48 of 1st period - Deflect By Barclay Goodrow.
0:48 of 1st period - Shot Misses the Net.
0:50 of 1st period - Shot by Barclay Goodrow.
0:50 of 1st period - Stopped by Sergei Bobrovsky without a rebound.
0:51 of 1st period - Viktor Neuchev wins face-off versus Bo Horvat in Canucks zone.
1:07 of 1st period - Off-side.
1:08 of 1st period - Ryan McLeod wins face-off versus Kirill Marchenko in neutral zone.
1:38 of 1st period - Icing by Artem Zub.
1:39 of 1st period - Ryan McLeod wins face-off versus Travis Boyd in Canucks zone.
1:45 of 1st period - Icing by Ryan McLeod.
1:46 of 1st period - Ryan McLeod wins face-off versus Viktor Neuchev in Canucks zone.
2:18 of 1st period - Minor Penalty to Jack Quinn for Holding.
2:19 of 1st period - Kirill Marchenko wins face-off versus Pius Suter in Canucks zone.
2:32 of 1st period - Icing by Teddy Blueger.
2:33 of 1st period - Pius Suter wins face-off versus Kirill Marchenko in Islanders zone.
2:52 of 1st period - Shot by Esa Lindell.
2:52 of 1st period - Shot Misses the Net.
3:02 of 1st period - Shot by Teddy Blueger.
3:02 of 1st period - Stopped by Sergei Bobrovsky with a rebound.
3:04 of 1st period - Shot by Marc-Edouard Vlasic.
3:04 of 1st period - Goal by Marc-Edouard Vlasic - Islanders : 1 - Canucks : 0.
3:05 of 1st period - Bo Horvat wins face-off versus Barclay Goodrow in neutral zone.
3:23 of 1st period - Icing by Simon Nemec.
3:24 of 1st period - Pius Suter wins face-off versus Barclay Goodrow in Islanders zone.
3:27 of 1st period - Shot by Jordan Martinook.
3:27 of 1st period - Shot Hit the Post.
3:35 of 1st period - Shot by Barclay Goodrow.
3:35 of 1st period - Shot Blocked by MacKenzie Weegar.
3:37 of 1st period - Shot by Matt Dumba.
3:37 of 1st period - Stopped by Sergei Bobrovsky without a rebound.
3:38 of 1st period - Teddy Blueger wins face-off versus Bo Horvat in Canucks zone.
4:04 of 1st period - Minor Penalty to Mikhail Sergachev for Tripping.
4:05 of 1st period - Teddy Blueger wins face-off versus Auston Matthews in Islanders zone.
4:35 of 1st period - Icing by MacKenzie Weegar.
4:36 of 1st period - Auston Matthews wins face-off versus Teddy Blueger in Canucks zone.
4:43 of 1st period - Shot by Lucas Raymond.
4:43 of 1st period - Shot Misses the Net.
5:21 of 1st period - Shot by Jake Guentzel.
5:21 of 1st period - Deflect By Bo Horvat.
5:21 of 1st period - Shot Misses the Net.
5:47 of 1st period - Shot by Bo Horvat.
5:47 of 1st period - Deflect By Jake Guentzel.
5:47 of 1st period - Stopped by Elvis Merzlikins without a rebound.
5:48 of 1st period - Teddy Blueger wins face-off versus Auston Matthews in Islanders zone.
6:01 of 1st period - Shot by Auston Matthews.
6:01 of 1st period - Deflect By Lucas Raymond.
6:01 of 1st period - Shot Blocked by Teddy Blueger.
6:03 of 1st period - Shot by MacKenzie Weegar.
6:03 of 1st period - Shot Misses the Net.
6:05 of 1st period - Shot by Esa Lindell.
6:05 of 1st period - Stopped by Elvis Merzlikins without a rebound.
6:06 of 1st period - Barclay Goodrow wins face-off versus Pius Suter in Islanders zone.
6:17 of 1st period - Shot by Brendan Lemieux.
6:17 of 1st period - Shot Blocked by J.J. Moser.
6:39 of 1st period - Shot by Mikhail Sergachev.
6:39 of 1st period - Shot Blocked by Artem Zub.
6:45 of 1st period - Barclay Goodrow is hit by Oskar Sundqvist and loses puck.
7:08 of 1st period - Shot by Jesse Ylonen.
7:08 of 1st period - Stopped by Sergei Bobrovsky without a rebound.
7:09 of 1st period - Auston Matthews wins face-off versus Teddy Blueger in Canucks zone.
7:20 of 1st period - Esa Lindell is hit by Simon Nemec.
7:24 of 1st period - Shot by Jordan Kyrou.
7:24 of 1st period - Goal by Jordan Kyrou - Islanders : 1 - Canucks : 1.
7:25 of 1st period - Bo Horvat wins face-off versus Jesse Ylonen in neutral zone.
8:14 of 1st period - Minor Penalty to Auston Matthews for Slashing.
8:15 of 1st period - Pius Suter wins face-off versus Kirill Marchenko in Canucks zone.
9:44 of 1st period - Icing by Mikhail Sergachev.
9:45 of 1st period - Pius Suter wins face-off versus Teddy Blueger in Islanders zone.
10:02 of 1st period - Shot by Marc-Edouard Vlasic.
10:02 of 1st period - Shot Misses the Net.
10:04 of 1st period - Shot by Mikhail Sergachev.
10:04 of 1st period - Shot Misses the Net.
11:28 of 1st period - Shot by Lucas Raymond.
11:28 of 1st period - Shot Misses the Net.
12:08 of 1st period - Icing by Connor Dewar.
12:09 of 1st period - Teddy Blueger wins face-off versus Ryan McLeod in Canucks zone.
12:09 of 1st period - Teddy Blueger is hit by Vince Dunn.
12:15 of 1st period - Shot by Teddy Blueger.
12:15 of 1st period - Stopped by Sergei Bobrovsky without a rebound.
12:16 of 1st period - Pius Suter wins face-off versus Kirill Marchenko in Canucks zone.
13:07 of 1st period - Jordan Kyrou is hit by Kirill Marchenko and loses puck.
13:24 of 1st period - Shot by Auston Matthews.
13:24 of 1st period - Stopped by Elvis Merzlikins without a rebound.
13:25 of 1st period - Jack Quinn wins face-off versus Barclay Goodrow in Islanders zone.
13:32 of 1st period - Shot by Bo Horvat.
13:32 of 1st period - Stopped by Elvis Merzlikins without a rebound.
13:33 of 1st period - Bo Horvat wins face-off versus Barclay Goodrow in Islanders zone.
13:48 of 1st period - Marc-Edouard Vlasic is hit by Jack Quinn.
13:49 of 1st period - Minor Penalty to Jake Guentzel for Interference.
13:50 of 1st period - Pius Suter wins face-off versus Casey Cizikas in Canucks zone.
14:00 of 1st period - Icing by Casey Cizikas.
14:01 of 1st period - Casey Cizikas wins face-off versus Pius Suter in Islanders zone.
14:05 of 1st period - Off-side.
14:06 of 1st period - Pius Suter wins face-off versus Casey Cizikas in neutral zone.
14:15 of 1st period - Jordan Martinook is hit by Casey Cizikas and loses puck.
14:42 of 1st period - Shot by Mikhail Sergachev.
14:42 of 1st period - Stopped by Sergei Bobrovsky without a rebound.
14:43 of 1st period - Connor Dewar wins face-off versus Kirill Marchenko in Canucks zone.
15:12 of 1st period - Shot by Matt Dumba.
15:12 of 1st period - Stopped by Sergei Bobrovsky with a rebound.
15:16 of 1st period - Shot by Brett Kulak.
15:16 of 1st period - Shot Misses the Net.
15:18 of 1st period - Shot by Kirill Marchenko.
15:18 of 1st period - Stopped by Sergei Bobrovsky without a rebound.
15:19 of 1st period - Connor Dewar wins face-off versus Casey Cizikas in Canucks zone.
15:40 of 1st period - Shot by Mikhail Sergachev.
15:40 of 1st period - Shot Blocked by Esa Lindell.
16:00 of 1st period - Shot by Jack Quinn.
16:00 of 1st period - Shot Blocked by Matt Dumba.
16:10 of 1st period - Shot by Kyle Okposo.
16:10 of 1st period - Shot Blocked by Artem Zub.
16:12 of 1st period - Shot by Matt Dumba.
16:12 of 1st period - Shot Misses the Net.
16:18 of 1st period - Shot by Brendan Lemieux.
16:18 of 1st period - Stopped by Sergei Bobrovsky with a rebound.
16:26 of 1st period - Simon Nemec is hit by Bo Horvat and loses puck.
16:30 of 1st period - Icing by Matt Dumba.
16:31 of 1st period - Barclay Goodrow wins face-off versus Auston Matthews in Islanders zone.
16:31 of 1st period - Barclay Goodrow is hit by Lucas Raymond.
16:34 of 1st period - Brendan Lemieux is hit by Jordan Kyrou and loses puck.
16:39 of 1st period - Shot by Esa Lindell.
16:39 of 1st period - Shot Misses the Net.
16:55 of 1st period - Shot by MacKenzie Weegar.
16:55 of 1st period - Shot Misses the Net.
16:57 of 1st period - Shot by Jordan Kyrou.
16:57 of 1st period - Shot Misses the Net.
16:59 of 1st period - Shot by Esa Lindell.
16:59 of 1st period - Shot Misses the Net.
17:12 of 1st period - Icing by Kyle Okposo.
17:13 of 1st period - Ryan McLeod wins face-off versus Barclay Goodrow in Islanders zone.
17:16 of 1st period - Shot by Garnet Hathaway.
17:16 of 1st period - Stopped by Elvis Merzlikins with a rebound.
17:22 of 1st period - Shot by Vince Dunn.
17:22 of 1st period - Stopped by Elvis Merzlikins without a rebound.
17:23 of 1st period - Teddy Blueger wins face-off versus Jake Guentzel in Islanders zone.
17:36 of 1st period - Shot by Bo Horvat.
17:36 of 1st period - Stopped by Elvis Merzlikins without a rebound.
17:37 of 1st period - Ryan McLeod wins face-off versus Casey Cizikas in Islanders zone.
17:40 of 1st period - Shot by MacKenzie Weegar.
17:40 of 1st period - Stopped by Elvis Merzlikins with a rebound.
17:42 of 1st period - Shot by Connor Dewar.
17:42 of 1st period - Stopped by Elvis Merzlikins without a rebound.
17:43 of 1st period - Teddy Blueger wins face-off versus Auston Matthews in Islanders zone.
17:43 of 1st period - Teddy Blueger is hit by Jordan Kyrou.
17:51 of 1st period - John Marino is hit by Teddy Blueger and loses puck.
18:20 of 1st period - Shot by Teddy Blueger.
18:20 of 1st period - Deflect By Kirill Marchenko.
18:20 of 1st period - Stopped by Sergei Bobrovsky with a rebound.
18:22 of 1st period - Shot by Marc-Edouard Vlasic.
18:22 of 1st period - Stopped by Sergei Bobrovsky without a rebound.
18:23 of 1st period - Casey Cizikas wins face-off versus Jack Quinn in Canucks zone.
18:32 of 1st period - Shot by Bo Horvat.
18:32 of 1st period - Shot Misses the Net.
18:36 of 1st period - Shot by Bo Horvat.
18:36 of 1st period - Shot Blocked by Brett Kulak.
18:38 of 1st period - Shot by MacKenzie Weegar.
18:38 of 1st period - Stopped by Elvis Merzlikins without a rebound.
18:39 of 1st period - Travis Boyd wins face-off versus Ryan McLeod in Islanders zone.
18:39 of 1st period - Travis Boyd is hit by Garnet Hathaway.
18:48 of 1st period - Brett Seney is hit by Artem Zub and loses puck.
18:54 of 1st period - Icing by Connor Dewar.
18:55 of 1st period - Teddy Blueger wins face-off versus Ryan McLeod in Canucks zone.
18:55 of 1st period - Teddy Blueger is hit by J.J. Moser.
19:15 of 1st period - Shot by Kirill Marchenko.
19:15 of 1st period - Stopped by Sergei Bobrovsky without a rebound.
19:16 of 1st period - Auston Matthews wins face-off versus Casey Cizikas in Canucks zone.
19:27 of 1st period - Shot by Auston Matthews.
19:27 of 1st period - Stopped by Elvis Merzlikins with a rebound.
19:29 of 1st period - Shot by Auston Matthews.
19:29 of 1st period - Shot Misses the Net.
19:31 of 1st period - Shot by Jordan Kyrou.
19:31 of 1st period - Stopped by Elvis Merzlikins without a rebound.
19:32 of 1st period - Kirill Marchenko wins face-off versus Bo Horvat in Islanders zone.
19:43 of 1st period - Mikhail Sergachev is hit by Jack Quinn and loses puck.
Goals for this period are 1 for Islanders vs 1 for Canucks.
Shots for this period are 13 for Islanders vs 13 for Canucks.

2nd period


0:01 of 2nd period - Teddy Blueger wins face-off versus Lucas Raymond in neutral zone.
0:01 of 2nd period - Marcus Johansson is hit by Lucas Raymond and loses puck.
0:08 of 2nd period - Shot by Auston Matthews.
0:08 of 2nd period - Shot Misses the Net.
0:10 of 2nd period - Shot by Lucas Raymond.
0:10 of 2nd period - Shot Misses the Net.
0:12 of 2nd period - Shot by Auston Matthews.
0:12 of 2nd period - Shot Blocked by Marc-Edouard Vlasic.
0:24 of 2nd period - Shot by Esa Lindell.
0:24 of 2nd period - Shot Blocked by Marc-Edouard Vlasic.
0:26 of 2nd period - Shot by MacKenzie Weegar.
0:26 of 2nd period - Shot Misses the Net.
1:45 of 2nd period - Icing by Jesse Ylonen.
1:46 of 2nd period - Casey Cizikas wins face-off versus Oskar Sundqvist in Islanders zone.
1:46 of 2nd period - Casey Cizikas is hit by Jordan Martinook.
2:00 of 2nd period - Minor Penalty to Jordan Martinook for Hooking.
2:01 of 2nd period - Kirill Marchenko wins face-off versus Pius Suter in Canucks zone.
2:20 of 2nd period - Off-side.
2:21 of 2nd period - Pius Suter wins face-off versus Casey Cizikas in neutral zone.
3:58 of 2nd period - Shot by Brett Kulak.
3:58 of 2nd period - Shot Misses the Net.
4:00 of 2nd period - Shot by Travis Boyd.
4:00 of 2nd period - Shot Misses the Net.
4:22 of 2nd period - Shot by Jordan Kyrou.
4:22 of 2nd period - Goal by Jordan Kyrou - Islanders : 1 - Canucks : 2.
4:23 of 2nd period - Bo Horvat wins face-off versus Brett Seney in neutral zone.
4:34 of 2nd period - Shot by Jack Quinn.
4:34 of 2nd period - Shot Misses the Net.
4:35 of 2nd period - Minor Penalty to Simon Nemec for Roughing.
4:36 of 2nd period - Teddy Blueger wins face-off versus Bo Horvat in Islanders zone.
4:51 of 2nd period - Icing by Bo Horvat.
4:52 of 2nd period - Bo Horvat wins face-off versus Casey Cizikas in Canucks zone.
4:59 of 2nd period - Shot by Vince Dunn.
4:59 of 2nd period - Shot Misses the Net.
5:15 of 2nd period - Shot by Bo Horvat.
5:15 of 2nd period - Stopped by Elvis Merzlikins without a rebound.
5:16 of 2nd period - Auston Matthews wins face-off versus Teddy Blueger in Islanders zone.
5:19 of 2nd period - Shot by J.J. Moser.
5:19 of 2nd period - Stopped by Elvis Merzlikins without a rebound.
5:20 of 2nd period - Teddy Blueger wins face-off versus Lucas Raymond in Islanders zone.
5:41 of 2nd period - Shot by Auston Matthews.
5:41 of 2nd period - Stopped by Elvis Merzlikins with a rebound.
5:43 of 2nd period - Shot by John Marino.
5:43 of 2nd period - Shot Misses the Net.
5:45 of 2nd period - Shot by Auston Matthews.
5:45 of 2nd period - Stopped by Elvis Merzlikins without a rebound.
5:46 of 2nd period - Casey Cizikas wins face-off versus Bo Horvat in Islanders zone.
5:46 of 2nd period - Casey Cizikas is hit by Jake Guentzel.
6:20 of 2nd period - Shot by Jake Guentzel.
6:20 of 2nd period - Shot Misses the Net.
6:55 of 2nd period - Shot by Connor Dewar.
6:55 of 2nd period - Deflect By Ryan McLeod.
6:55 of 2nd period - Shot Misses the Net.
6:57 of 2nd period - Shot by Artem Zub.
6:57 of 2nd period - Stopped by Elvis Merzlikins without a rebound.
6:58 of 2nd period - Auston Matthews wins face-off versus Barclay Goodrow in Islanders zone.
7:03 of 2nd period - Shot by Lucas Raymond.
7:03 of 2nd period - Goal by Lucas Raymond - Islanders : 1 - Canucks : 3.
7:04 of 2nd period - Marcus Johansson wins face-off versus Auston Matthews in neutral zone.
7:58 of 2nd period - Icing by Jeff Petry.
7:59 of 2nd period - Barclay Goodrow wins face-off versus Bo Horvat in Islanders zone.
7:59 of 2nd period - Barclay Goodrow is hit by Bo Horvat.
8:13 of 2nd period - Shot by Jake Guentzel.
8:13 of 2nd period - Deflect By Bo Horvat.
8:13 of 2nd period - Stopped by Elvis Merzlikins with a rebound.
8:15 of 2nd period - Shot by MacKenzie Weegar.
8:15 of 2nd period - Stopped by Elvis Merzlikins with a rebound.
8:17 of 2nd period - Shot by Bo Horvat.
8:17 of 2nd period - Stopped by Elvis Merzlikins with a rebound.
8:23 of 2nd period - Shot by Jack Quinn.
8:23 of 2nd period - Stopped by Elvis Merzlikins without a rebound.
8:24 of 2nd period - Pius Suter wins face-off versus Casey Cizikas in Islanders zone.
9:02 of 2nd period - John Marino is hit by Mikhail Sergachev and loses puck.
9:08 of 2nd period - Mikhail Sergachev is hit by Jordan Martinook and loses puck.
9:35 of 2nd period - Shot by Marcus Johansson.
9:35 of 2nd period - Shot Misses the Net.
9:37 of 2nd period - Shot by Marcus Johansson.
9:37 of 2nd period - Stopped by Sergei Bobrovsky without a rebound.
9:38 of 2nd period - Bo Horvat wins face-off versus Barclay Goodrow in Canucks zone.
9:38 of 2nd period - Jake Guentzel is hit by Kyle Okposo and loses puck.
9:52 of 2nd period - Shot by Jake Guentzel.
9:52 of 2nd period - Stopped by Elvis Merzlikins without a rebound.
9:53 of 2nd period - Auston Matthews wins face-off versus Teddy Blueger in Islanders zone.
10:13 of 2nd period - Shot by Lucas Raymond.
10:13 of 2nd period - Stopped by Elvis Merzlikins without a rebound.
10:14 of 2nd period - Bo Horvat wins face-off versus Barclay Goodrow in Islanders zone.
10:14 of 2nd period - Artem Zub is hit by Mikhail Sergachev and loses puck.
10:30 of 2nd period - Bo Horvat is hit by Brendan Lemieux and loses puck.
10:53 of 2nd period - Icing by J.J. Moser.
10:54 of 2nd period - Jack Quinn wins face-off versus Teddy Blueger in Canucks zone.
11:07 of 2nd period - Shot by Marcus Johansson.
11:07 of 2nd period - Shot Blocked by Artem Zub.
11:21 of 2nd period - Shot by Kirill Marchenko.
11:21 of 2nd period - Deflect By Marcus Johansson.
11:21 of 2nd period - Stopped by Sergei Bobrovsky without a rebound.
11:22 of 2nd period - Casey Cizikas wins face-off versus Auston Matthews in Canucks zone.
11:26 of 2nd period - Minor Penalty to Casey Cizikas for Hooking.
11:27 of 2nd period - Auston Matthews wins face-off versus Teddy Blueger in Islanders zone.
11:48 of 2nd period - Shot by MacKenzie Weegar.
11:48 of 2nd period - Stopped by Elvis Merzlikins without a rebound.
11:49 of 2nd period - Barclay Goodrow wins face-off versus Lucas Raymond in Islanders zone.
12:10 of 2nd period - Shot by Vince Dunn.
12:10 of 2nd period - Shot Misses the Net.
12:12 of 2nd period - Shot by MacKenzie Weegar.
12:12 of 2nd period - Stopped by Elvis Merzlikins without a rebound.
12:13 of 2nd period - Teddy Blueger wins face-off versus Bo Horvat in Islanders zone.
12:13 of 2nd period - Teddy Blueger is hit by Jack Quinn.
12:34 of 2nd period - Shot by Bo Horvat.
12:34 of 2nd period - Stopped by Elvis Merzlikins with a rebound.
12:36 of 2nd period - Shot by J.J. Moser.
12:36 of 2nd period - Stopped by Elvis Merzlikins without a rebound.
12:37 of 2nd period - Teddy Blueger wins face-off versus Auston Matthews in Islanders zone.
12:58 of 2nd period - Shot by Lucas Raymond.
12:58 of 2nd period - Stopped by Elvis Merzlikins without a rebound.
12:59 of 2nd period - Kirill Marchenko wins face-off versus Bo Horvat in Islanders zone.
13:37 of 2nd period - Simon Nemec is hit by Connor Dewar and loses puck.
15:19 of 2nd period - Icing by John Marino.
15:20 of 2nd period - Auston Matthews wins face-off versus Teddy Blueger in Canucks zone.
15:38 of 2nd period - Shot by Marcus Johansson.
15:38 of 2nd period - Shot Misses the Net.
15:58 of 2nd period - Shot by Kirill Marchenko.
15:58 of 2nd period - Shot Misses the Net.
16:06 of 2nd period - Icing by Brett Kulak.
16:07 of 2nd period - Teddy Blueger wins face-off versus Ryan McLeod in Islanders zone.
16:07 of 2nd period - Teddy Blueger is hit by Connor Dewar.
16:28 of 2nd period - Shot by Ryan McLeod.
16:28 of 2nd period - Stopped by Elvis Merzlikins without a rebound.
16:29 of 2nd period - Barclay Goodrow wins face-off versus Bo Horvat in Islanders zone.
16:29 of 2nd period - Barclay Goodrow is hit by Bo Horvat.
16:57 of 2nd period - Shot by Artem Zub.
16:57 of 2nd period - Shot Misses the Net.
16:59 of 2nd period - Shot by J.J. Moser.
16:59 of 2nd period - Shot Misses the Net.
17:01 of 2nd period - Shot by Jake Guentzel.
17:01 of 2nd period - Stopped by Elvis Merzlikins without a rebound.
17:02 of 2nd period - Casey Cizikas wins face-off versus Pius Suter in Islanders zone.
17:02 of 2nd period - Casey Cizikas is hit by Oskar Sundqvist.
17:26 of 2nd period - Shot by Pius Suter.
17:26 of 2nd period - Shot Blocked by Matt Dumba.
17:30 of 2nd period - Shot by Pius Suter.
17:30 of 2nd period - Shot Misses the Net.
18:46 of 2nd period - Icing by Mikhail Sergachev.
18:47 of 2nd period - Bo Horvat wins face-off versus Travis Boyd in Islanders zone.
19:34 of 2nd period - Shot by Marcus Johansson.
19:34 of 2nd period - Stopped by Sergei Bobrovsky with a rebound.
19:36 of 2nd period - Shot by Jeff Petry.
19:36 of 2nd period - Stopped by Sergei Bobrovsky with a rebound.
19:41 of 2nd period - Icing by Artem Zub.
19:42 of 2nd period - Barclay Goodrow wins face-off versus Jack Quinn in Canucks zone.
Goals for this period are 0 for Islanders vs 2 for Canucks.
Shots for this period are 4 for Islanders vs 20 for Canucks.

3rd period


0:01 of 3rd period - Auston Matthews wins face-off versus Barclay Goodrow in neutral zone.
0:22 of 3rd period - Shot by Auston Matthews.
0:22 of 3rd period - Shot Blocked by Barclay Goodrow.
1:10 of 3rd period - Off-side.
1:11 of 3rd period - Marcus Johansson wins face-off versus Connor Dewar in neutral zone.
1:47 of 3rd period - Minor Penalty to Kirill Marchenko for Holding Stick.
1:48 of 3rd period - Auston Matthews wins face-off versus Teddy Blueger in Islanders zone.
1:53 of 3rd period - Shot by Vince Dunn.
1:53 of 3rd period - Stopped by Elvis Merzlikins without a rebound.
1:54 of 3rd period - Auston Matthews wins face-off versus Teddy Blueger in Islanders zone.
1:55 of 3rd period - Shot by Jordan Kyrou.
1:55 of 3rd period - Shot Misses the Net.
1:57 of 3rd period - Shot by Auston Matthews.
1:57 of 3rd period - Deflect By Lucas Raymond.
1:57 of 3rd period - Stopped by Elvis Merzlikins without a rebound.
1:58 of 3rd period - Auston Matthews wins face-off versus Teddy Blueger in Islanders zone.
2:27 of 3rd period - Icing by Jordan Kyrou.
2:28 of 3rd period - Auston Matthews wins face-off versus Teddy Blueger in Canucks zone.
2:34 of 3rd period - Icing by Auston Matthews.
2:35 of 3rd period - Auston Matthews wins face-off versus Teddy Blueger in Canucks zone.
2:42 of 3rd period - Shot by Auston Matthews.
2:42 of 3rd period - Goal by Auston Matthews - Islanders : 1 - Canucks : 4.
2:43 of 3rd period - Bo Horvat wins face-off versus Kyle Okposo in neutral zone.
2:43 of 3rd period - Bo Horvat is hit by Barclay Goodrow.
2:50 of 3rd period - Minor Penalty to Brett Kulak for Holding Stick.
2:51 of 3rd period - Bo Horvat wins face-off versus Teddy Blueger in Islanders zone.
3:12 of 3rd period - Shot by Jake Guentzel.
3:12 of 3rd period - Shot Blocked by Mikhail Sergachev.
3:16 of 3rd period - Shot by Vince Dunn.
3:16 of 3rd period - Shot Misses the Net.
3:18 of 3rd period - Shot by Jake Guentzel.
3:18 of 3rd period - Shot Misses the Net.
3:20 of 3rd period - Shot by Vince Dunn.
3:20 of 3rd period - Shot Blocked by Matt Dumba.
3:28 of 3rd period - Shot by MacKenzie Weegar.
3:28 of 3rd period - Stopped by Elvis Merzlikins without a rebound.
3:29 of 3rd period - Casey Cizikas wins face-off versus Auston Matthews in Islanders zone.
3:39 of 3rd period - Icing by J.J. Moser.
3:40 of 3rd period - Auston Matthews wins face-off versus Casey Cizikas in Canucks zone.
3:48 of 3rd period - Icing by J.J. Moser.
3:49 of 3rd period - Teddy Blueger wins face-off versus Jordan Kyrou in Canucks zone.
3:53 of 3rd period - Icing by J.J. Moser.
3:54 of 3rd period - Teddy Blueger wins face-off versus Lucas Raymond in Canucks zone.
4:07 of 3rd period - Shot by John Marino.
4:07 of 3rd period - Stopped by Elvis Merzlikins without a rebound.
4:07 of 3rd period - Minor Penalty to Elvis Merzlikins for Slashing.
4:08 of 3rd period - Casey Cizikas wins face-off versus Bo Horvat in Islanders zone.
4:08 of 3rd period - Casey Cizikas is hit by Jack Quinn.
4:27 of 3rd period - Icing by Jack Quinn.
4:28 of 3rd period - Bo Horvat wins face-off versus Casey Cizikas in Canucks zone.
4:28 of 3rd period - Bo Horvat is hit by Casey Cizikas.
5:26 of 3rd period - Shot by Kirill Marchenko.
5:26 of 3rd period - Stopped by Sergei Bobrovsky without a rebound.
5:27 of 3rd period - Teddy Blueger wins face-off versus Lucas Raymond in Canucks zone.
6:59 of 3rd period - Esa Lindell is hit by Mikhail Sergachev and loses puck.
7:27 of 3rd period - Garnet Hathaway is hit by Mikhail Sergachev and loses puck.
7:51 of 3rd period - Icing by Mikhail Sergachev.
7:52 of 3rd period - Travis Boyd wins face-off versus Auston Matthews in Islanders zone.
8:24 of 3rd period - Shot by Matt Dumba.
8:24 of 3rd period - Shot Blocked by Lucas Raymond.
8:48 of 3rd period - Shot by Jake Guentzel.
8:48 of 3rd period - Shot Misses the Net.
8:50 of 3rd period - Shot by John Marino.
8:50 of 3rd period - Shot Misses the Net.
8:52 of 3rd period - Shot by Bo Horvat.
8:52 of 3rd period - Stopped by Elvis Merzlikins without a rebound.
8:52 of 3rd period - Minor Penalty to Matt Dumba for Holding.
8:53 of 3rd period - Bo Horvat wins face-off versus Casey Cizikas in Islanders zone.
9:22 of 3rd period - Shot by Vince Dunn.
9:22 of 3rd period - Deflect By Jake Guentzel.
9:22 of 3rd period - Shot Misses the Net.
9:24 of 3rd period - Shot by MacKenzie Weegar.
9:24 of 3rd period - Stopped by Elvis Merzlikins without a rebound.
9:25 of 3rd period - Casey Cizikas wins face-off versus Auston Matthews in Islanders zone.
9:30 of 3rd period - Auston Matthews is hit by Casey Cizikas and loses puck.
9:35 of 3rd period - Shot by Casey Cizikas.
9:35 of 3rd period - Stopped by Sergei Bobrovsky with a rebound.
9:37 of 3rd period - Shot by Mikhail Sergachev.
9:37 of 3rd period - Goal by Mikhail Sergachev - Islanders : 2 - Canucks : 4.
9:38 of 3rd period - Bo Horvat wins face-off versus Teddy Blueger in neutral zone.
9:59 of 3rd period - Icing by J.J. Moser.
10:00 of 3rd period - Bo Horvat wins face-off versus Casey Cizikas in Canucks zone.
10:52 of 3rd period - Minor Penalty to Barclay Goodrow for Charging.
10:53 of 3rd period - Auston Matthews wins face-off versus Teddy Blueger in Islanders zone.
10:56 of 3rd period - Shot by Auston Matthews.
10:56 of 3rd period - Stopped by Elvis Merzlikins with a rebound.
11:38 of 3rd period - Brett Kulak is hit by Jordan Kyrou and loses puck.
12:01 of 3rd period - Shot by John Marino.
12:01 of 3rd period - Stopped by Elvis Merzlikins with a rebound.
12:03 of 3rd period - Shot by Jake Guentzel.
12:03 of 3rd period - Stopped by Elvis Merzlikins without a rebound.
12:04 of 3rd period - Bo Horvat wins face-off versus Teddy Blueger in Islanders zone.
12:19 of 3rd period - Shot by Jake Guentzel.
12:19 of 3rd period - Stopped by Elvis Merzlikins without a rebound.
12:20 of 3rd period - Casey Cizikas wins face-off versus Lucas Raymond in Islanders zone.
12:26 of 3rd period - Matt Dumba is hit by Lucas Raymond and loses puck.
12:31 of 3rd period - Shot by Auston Matthews.
12:31 of 3rd period - Stopped by Elvis Merzlikins without a rebound.
12:32 of 3rd period - Auston Matthews wins face-off versus Casey Cizikas in Islanders zone.
14:01 of 3rd period - Shot by Travis Boyd.
14:01 of 3rd period - Stopped by Sergei Bobrovsky without a rebound.
14:02 of 3rd period - Auston Matthews wins face-off versus Casey Cizikas in Canucks zone.
14:02 of 3rd period - Auston Matthews is hit by Casey Cizikas.
14:18 of 3rd period - Shot by Brett Kulak.
14:18 of 3rd period - Shot Misses the Net.
14:20 of 3rd period - Shot by Jesse Ylonen.
14:20 of 3rd period - Goal by Jesse Ylonen - Islanders : 3 - Canucks : 4.
14:21 of 3rd period - Bo Horvat wins face-off versus Teddy Blueger in neutral zone.
14:32 of 3rd period - Shot by Bo Horvat.
14:32 of 3rd period - Stopped by Elvis Merzlikins without a rebound.
14:33 of 3rd period - Auston Matthews wins face-off versus Casey Cizikas in Islanders zone.
14:56 of 3rd period - Shot by Auston Matthews.
14:56 of 3rd period - Shot Misses the Net.
15:46 of 3rd period - Shot by Jake Guentzel.
15:46 of 3rd period - Shot Blocked by Marc-Edouard Vlasic.
16:04 of 3rd period - Shot by Bo Horvat.
16:04 of 3rd period - Stopped by Elvis Merzlikins without a rebound.
16:05 of 3rd period - Pius Suter wins face-off versus Barclay Goodrow in Islanders zone.
16:22 of 3rd period - Shot by Artem Zub.
16:22 of 3rd period - Shot Misses the Net.
16:24 of 3rd period - Shot by Jordan Martinook.
16:24 of 3rd period - Stopped by Elvis Merzlikins without a rebound.
16:25 of 3rd period - Bo Horvat wins face-off versus Travis Boyd in Islanders zone.
16:34 of 3rd period - Shot by Jack Quinn.
16:34 of 3rd period - Stopped by Elvis Merzlikins without a rebound.
16:35 of 3rd period - Barclay Goodrow wins face-off versus Jack Quinn in Islanders zone.
16:54 of 3rd period - Shot by John Marino.
16:54 of 3rd period - Shot Misses the Net.
16:56 of 3rd period - Shot by Vince Dunn.
16:56 of 3rd period - Shot Blocked by Simon Nemec.
17:05 of 3rd period - Off-side.
17:06 of 3rd period - Auston Matthews wins face-off versus Teddy Blueger in neutral zone.
17:19 of 3rd period - Shot by Auston Matthews.
17:19 of 3rd period - Stopped by Elvis Merzlikins without a rebound.
17:20 of 3rd period - Garnet Hathaway wins face-off versus Casey Cizikas in Islanders zone.
17:20 of 3rd period - Artem Zub is hit by Jeff Petry and loses puck.
17:25 of 3rd period - Shot by Connor Dewar.
17:25 of 3rd period - Shot Misses the Net.
17:36 of 3rd period - Icing by Jeff Petry.
17:37 of 3rd period - Auston Matthews wins face-off versus Casey Cizikas in Islanders zone.
18:26 of 3rd period - Icing by Vince Dunn.
18:27 of 3rd period - Auston Matthews wins face-off versus Barclay Goodrow in Canucks zone.
18:27 of 3rd period - Auston Matthews is hit by Brendan Lemieux.
18:56 of 3rd period - Barclay Goodrow is hit by MacKenzie Weegar and loses puck.
19:01 of 3rd period - Islanders, Elvis Merzlikins is pulled from the net.
19:05 of 3rd period - Shot by Marc-Edouard Vlasic.
19:05 of 3rd period - Stopped by Sergei Bobrovsky with a rebound.
19:17 of 3rd period - Shot by Travis Boyd.
19:17 of 3rd period - Shot Blocked by MacKenzie Weegar.
19:19 of 3rd period - Shot by Brett Kulak.
19:19 of 3rd period - Shot Misses the Net.
19:29 of 3rd period - Shot by Travis Boyd.
19:29 of 3rd period - Shot Misses the Net.
19:31 of 3rd period - Shot by Jesse Ylonen.
19:31 of 3rd period - Shot Misses the Net.
Goals for this period are 2 for Islanders vs 1 for Canucks.
Shots for this period are 6 for Islanders vs 17 for Canucks.